 Dungeon Crawl Stone Soup version 0.31-a0-1576-ga3383bade6 (webtiles) character file.

Game seed: 8206864898883031567

77 wildpjah the Changeling (level 4, -2/35 HPs)
             Began as a Merfolk Shapeshifter on Jan 4, 2024.
             Slain by a ribbon worm (5 damage)
             ... on level 2 of the Dungeon.
             The game lasted 00:02:32 (1083 turns).

wildpjah the Changeling (Merfolk Shapeshifter)      Turns: 1083, Time: 00:02:33

Health: -2/35      AC:  4    Str: 16    XL:     4   Next: 34%
Magic:  4/4        EV: 13    Int:  9    God:
Gold:   63         SH:  0    Dex: 13    Spells: 3/3 levels left

rFire   . .          .
                       - Unarmed
rCold   . . .        (no shield)
rNeg    . . .        a - +0 animal skin
rPois   .            (helmet currently unavailable)
rElec   .            (cloak currently unavailable)
rCorr   .            (gloves currently unavailable)
SInv    .            (boots currently unavailable)
Will    .....        m - amulet of regeneration
Stlth   +            (no ring)
HPRegen 1.05/turn    (no ring)
MPRegen 0.09/turn

%: clarity
@: beast-form
A: beast (slay +2), (nimble swimmer 2), mertail, iridescent scales 1, clarity,
robust 1, MP-powered wands
a: Begin Untransformation


You were on level 2 of the Dungeon.
You were a hulking beast.
You visited 1 branch of the dungeon, and saw 2 of its levels.

You collected 63 gold pieces.

Inventory:

Hand Weapons
 g - a +0 mace
Armour
 a - a +0 animal skin (worn)
 h - a +0 chain mail
 l - a +0 cloak
Jewellery
 i - a ring of ice
 m - an amulet of regeneration (around neck)
Talismans
 c - a beast talisman
 d - a flux talisman
Scrolls
 e - a scroll of butterflies {unknown}
 j - a scroll of enchant weapon {unknown}
 k - a scroll of identify {unknown}
Potions
 b - a potion of lignification


   Skills:
 + Level 1.1 Fighting
 + Level 3.4 Dodging
 + Level 0.4 Stealth
 + Level 4.3 Unarmed Combat
 + Level 4.9 Shapeshifting


You had 3 spell levels left.
You didn't know any spells.
Your spell library contained the following spells:

 Spells                   Type           Power      Damage    Failure   Level
 Gell's Gravitas          Tloc           0%         N/A       77%         3
 Teleport Other           Tloc           0%         N/A       77%         3
 Dispersal                Tloc           0%         N/A       100%        6


Dungeon Overview and Level Annotations

Branches:
Dungeon (2/15)

Altars:


Innate Abilities, Weirdness & Mutations

You are a hulking beast.
Your limbs bulge with bestial killing power. (Slay +2)
((You are very nimble when in or above water. (Stealth+, EV+, Speed+++)))
Your lower body shifts to a powerful aquatic tail in water.
You are partially covered in iridescent scales. (AC +2)
You possess an exceptional clarity of mind.
You are robust. (+10% HP)
You expend magic power (3 MP) to strengthen your wands.


Message History

The gnoll is lightly wounded.
The gnoll hits you with a +0 halberd.
You punch the gnoll!
The gnoll is almost dead.
The gnoll hits you with a +0 halberd.
You punch the gnoll!
You kill the gnoll!
You hit the ribbon worm.
The ribbon worm is lightly wounded.
You punch the ribbon worm!
The ribbon worm is heavily wounded.
The gnoll hits you from afar with a +0 spear!
* * * LOW HITPOINT WARNING * * *
The ribbon worm bites you.
* * * LOW HITPOINT WARNING * * *
It was a potion of mutation.
You feel extremely strange.
Your thoughts seem clearer.
You feel robust.
You feel your magical essence link to the dungeon's wands.
Iridescent scales grow over part of your body.
The gnoll hits you but does no damage.
The ribbon worm expels a string of sticky webbing.
The stream of webbing misses you.
Unknown command.
You barely miss the ribbon worm.
The ribbon worm is moderately wounded.
The gnoll closely misses you.
The ribbon worm expels a string of sticky webbing.
The stream of webbing hits you but does no damage.
You are caught in a web!
The gnoll hits you from afar with a +0 spear.
* * * LOW HITPOINT WARNING * * *
You hit the ribbon worm.
The ribbon worm is heavily wounded.
The gnoll misses you. The ribbon worm closely misses you.
You hit the ribbon worm.
The ribbon worm is heavily wounded.
The gnoll hits you from afar with a +0 spear.
* * * LOW HITPOINT WARNING * * *
The ribbon worm bites you.
You die...

..##.##.. # #......
...#.#..# # #. #....).
........# #
#.#.##....†.
........#.#
#....#.#####
b....g..#. #....####.
.....g...
......#.....#.
......†.# ..###
###.#.#.
#(###############.....
#..gwh..............>.
#..########.......#.#.
#..########.#####.#...
#........?. #.####
##.##############.#
#................#
##################


You could see a ribbon worm and a gnoll.

Vanquished Creatures
  2 adders (D:2)
  2 gnolls (D:2)
  5 ball pythons
  2 bats (D:1)
  3 endoplasms (D:1)
  A giant cockroach (D:1)
  3 goblins
  5 hobgoblins
  3 jackals (D:2)
  4 kobolds
  2 quokkas
  A frilled lizard (D:1)
  7 rats
40 creatures vanquished.

Notes
Turn   | Place    | Note
-------+----------+-------------------------------------------
     0 | D:1      | wildpjah the Merfolk Shapeshifter began the quest for the
                  | Orb.
     0 | D:1      | Reached XP level 1. HP: 15/15 MP: 1/1
   100 | D:1      | Reached XP level 2. HP: 21/21 MP: 2/2
   175 | D:1      | HP: 1/21 [frozen (3)]
   431 | D:1      | Reached XP level 3. HP: 26/26 MP: 3/3
  1067 | D:2      | Reached XP level 4. HP: 31/32 MP: 4/4
  1079 | D:2      | Gained mutation: You possess an exceptional clarity of
                  | mind. [potion of mutation]
  1079 | D:2      | Gained mutation: You are robust. (+10% HP) [potion of
                  | mutation]
  1079 | D:2      | Gained mutation: You expend magic power (3 MP) to
                  | strengthen your wands. [potion of mutation]
  1079 | D:2      | Gained mutation: You are partially covered in iridescent
                  | scales. (AC +2) [potion of mutation]
  1083 | D:2      | Slain by a ribbon worm

Illustrated notes

Levels and vault maps discovered:
D:1:      psy_arrival_terrarium, layout_basic, dreamdust_princess_corridor,
          serial_park_tiny_2, serial_bayou_pond_b
D:2:      layout_basic, minmay_between

Skill      XL: |  1  2  3 |
---------------+----------+-----
Dodging        | 3 |  3.4
Unarmed Combat | 4 |  4.3
Fighting       | |  1.1
Stealth        | |  0.4
Shapeshifting  | |  4.9

Action                     |  1- 3 |  4- 6 || total
---------------------------+-------+-------++-------
  Melee: Unarmed           |    85 |    12 ||    97
         Punch             |     1 |       ||     1
    Use: Potion            |       |     1 ||     1
   Stab: Sleeping          |     1 |       ||     1
 Armour: Animal skin       |    30 |    11 ||    41
  Dodge: Dodged            |    53 |     7 ||    60

Table legend: (Time is in decaauts)
 A = Elapsed time spent in this place.
 B = Non-inter-level travel time spent in this place.
 C = Inter-level travel time spent in this place.
 D = Time resting spent in this place.
 E = Time spent auto-exploring this place.
 F = Levels seen in this place.
 G = Mean time per level.
                   A        B        C        D        E       F      G
               +--------+--------+--------+--------+--------+-----+--------+
         Total |   1072 |   1046 |     26 |      0 |    817 |   2 |  536.0 |
       Dungeon |   1072 |   1046 |     26 |      0 |    817 |   2 |  536.0 |
               +--------+--------+--------+--------+--------+-----+--------+

Top non-repeatable levels by time:
     D:1: 855 daAuts
     D:2: 217 daAuts
